 Dungeon Crawl Stone Soup version 0.21.1-1-g345015fe64 (webtiles) character file.

49 Khress the Cudgeler (level 4, -1/35 HPs)
             Began as a Human Berserker on Feb 16, 2018.
             Was a Follower of Trog.
             Slain by Grinder (4 damage)
             ... on level 3 of the Dungeon.
             The game lasted 00:10:57 (1647 turns).

Khress the Cudgeler (Human Berserker)               Turns: 1647, Time: 00:10:58

Health: -1/35      AC:  4    Str: 16 (19) XL:     4   Next: 1%
Magic:  4/4        EV: 12    Int:  6 (7)  God:    Trog [*.....]
Gold:   85         SH:  0    Dex: 11 (12) Spells: 3/3 levels left

rFire    + . .     SeeInvis .   a - +0 mace
rCold    x . .     Gourm    .   (no shield)
rNeg     . . .     Faith    .   n - +0 leather armour
rPois    .         Spirit   .   (no helmet)
rElec    .         Reflect  .   (no cloak)
rCorr    .         Harm     .   (no gloves)
MR       .....                  l - +0 pair of boots
Stlth    +.........             (no amulet)
HPRegen  0.11/turn              h - ring of fire
MPRegen  0.09/turn              (no ring)

@: berserk cooldown, slowed, very slow
A: no striking features
a: Berserk, Burn Spellbooks, Renounce Religion


You were on level 3 of the Dungeon.
You worshipped Trog.
Trog was aware of your devotion.
You were very hungry.

You visited 1 branch of the dungeon, and saw 3 of its levels.

You collected 85 gold pieces.

Inventory:

Hand Weapons
 a - a +0 mace (weapon)
 p - a +0 spear
Missiles
 f - 106 stones (quivered)
 g - 13 sling bullets
 k - 20 arrows
Armour
 b - a +0 animal skin
 l - a +0 pair of boots (worn)
 n - a +0 leather armour (worn)
Jewellery
 h - a ring of fire (left hand)
Scrolls
 e - 3 scrolls of teleportation
 j - a scroll of noise
 m - a scroll of enchant weapon {unknown}
 q - a scroll of remove curse {unknown}
Potions
 d - 2 potions of mutation {unknown}
 o - a potion of degeneration
Comestibles
 c - 6 rations


   Skills:
 + Level 3.2 Fighting
 * Level 4.0 Maces & Flails
 * Level 2.0 Armour
 * Level 2.5 Dodging
 + Level 0.1 Stealth


You had 3 spell levels left.
You didn't know any spells.

Dungeon Overview and Level Annotations

Branches:
Dungeon (3/15)

Altars:
Ashenzari
Gozag

Annotations:
D:3 Grinder


Message History

You feel yourself slow down.
Grinder blinks!
You closely miss the hobgoblin. The goblin closely misses you.
The hobgoblin closely misses you. The goblin hits you but does no damage.
The hobgoblin misses you.
You closely miss the hobgoblin. The goblin misses you.
The hobgoblin closely misses you. The goblin barely misses you.
Grinder blinks!
The goblin barely misses you.
The hobgoblin hits you but does no damage.
The goblin hits you but does no damage.
You closely miss the hobgoblin. The goblin hits you but does no damage.
The hobgoblin closely misses you. The goblin hits you but does no damage.
Grinder closely misses you. The goblin hits you.
* * * LOW HITPOINT WARNING * * *
The hobgoblin barely misses you.
You hit the hobgoblin.
The hobgoblin is lightly wounded.
The goblin completely misses you. Grinder hits you but does no damage.
The goblin hits you but does no damage. The hobgoblin closely misses you.
The goblin barely misses you. Grinder hits you.
You die...

###.. ...........#.....
#####...
#...........)....
#......#
................
#......# .............#
#......# #..##..##..#.#
#..<...# #.##....g....#
#......# #.##........##
#......# ##....g#.$.#..#
#......# ##.....@g.#.#
.#
#......###......5g.#...
.#
#..................###.#
.. #......###..........#
... .. ########
#...........# ... .
#.........#.# .(..
#............. .##
#.........####
#.........#


You could see Grinder, a hobgoblin and 2 goblins.

Vanquished Creatures
  A hound skeleton (D:3)
  An adder (D:2)
  A leopard gecko (D:1)
  4 bats
  3 giant cockroaches
  A goblin (D:2)
  5 hobgoblins
  5 kobolds
  3 frilled lizards (D:1)
  2 rats (D:2)
26 creatures vanquished.

Notes
Turn   | Place    | Note
-------+----------+-------------------------------------------
     0 | D:1      | Khress the Human Berserker began the quest for the Orb.
     0 | D:1      | Reached XP level 1. HP: 18/18 MP: 1/1
   355 | D:1      | Reached XP level 2. HP: 15/24 MP: 2/2
  1168 | D:2      | Reached XP level 3. HP: 29/29 MP: 3/3
  1264 | D:2      | Found an opulent altar of Gozag.
  1370 | D:2      | Found a shattered altar of Ashenzari.
  1576 | D:3      | Reached skill level 4 in Maces & Flails
  1603 | D:3      | Reached XP level 4. HP: 35/35 MP: 4/4
  1610 | D:3      | Noticed Grinder
  1622 | D:3      | Paralysed by Grinder for 6 turns
  1626 | D:3      | HP: 1/35 [Grinder/nerve-wracking pain (7)]
  1647 | D:3      | Slain by Grinder

Skill      XL: |  1  2  3 |
---------------+----------+-----
Maces & Flails | 4 |  4.0
Fighting       | |  3.2
Armour         | |  2.0
Dodging        | |  2.5
Stealth        | |  0.1

Action                   |  1- 3 |  4- 6 || total
-------------------------+-------+-------++-------
Melee: Mace              |    92 |    19 ||   111
Invok: Berserk           |       |     1 ||     1
  Use: Scroll            |     4 |       ||     4
       Potion            |     2 |     1 ||     3
  Eat: Chunk             |     2 |       ||     2
Armor: Animal skin       |    11 |       ||    11
       Leather armour    |    19 |    23 ||    42
Dodge: Dodged            |    84 |    37 ||   121
